 Dungeon Crawl Stone Soup version 0.24.0-10-g970556be89 (console) character file.

Game seed: 8001371048820094191, levelgen mode: deterministic

4477 AlterAsc the Cleaver (level 10, -3/91 HPs)
             Began as a Minotaur Fighter on Nov 3, 2019.
             Was an Initiate of Okawaru.
             Slain by an orc warrior
             ... wielding a +0 scimitar
              (5 damage)
             ... on level 8 of the Dungeon.
             The game lasted 00:20:14 (7275 turns).

AlterAsc the Cleaver (Minotaur Fighter)             Turns: 7275, Time: 00:20:14

Health: -3/91      AC: 14    Str: 24    XL:     10   Next: 15%
Magic:  9/9        EV:  5    Int:  5    God:    Okawaru [......]
Gold:   358        SH: 10    Dex: 10    Spells: 9/9 levels left

rFire    . . .     SeeInvis .   l - +0 broad axe
rCold    . . .     Gourm    .   c - +0 shield
rNeg     . . .     Faith    .   I - +0 plate armour
rPois    .         Spirit   .   w - +1 hat
rElec    .         Reflect  .   (no cloak)
rCorr    .         Harm     .   (no gloves)
MR       .....                  D - +0 pair of boots
Stlth    ..........             (no amulet)
HPRegen  0.25/turn              (no ring)
MPRegen  0.11/turn              (no ring)

@: about to teleport
A: retaliatory headbutt, horns 2
a: Renounce Religion


You were on level 8 of the Dungeon.
You worshipped Okawaru.
Okawaru was noncommittal.
You were hungry.

You visited 2 branches of the dungeon, and saw 9 of its levels.

You collected 391 gold pieces.
You spent 33 gold pieces at shops.

Inventory:

Hand Weapons
 a - a +0 war axe
 i - a +1 whip of flaming
 l - a +0 broad axe (weapon)
 E - a +1 hand axe of pain
Missiles
 d - 3 throwing nets (quivered)
Armour
 b - a +0 scale mail
 c - a +0 shield (worn)
 q - a +0 chain mail
 w - a +1 hat (worn)
 D - a +0 pair of boots (worn)
 H - a +0 robe of fire resistance
 I - a +0 plate armour (worn)
Jewellery
 p - an uncursed amulet of harm
Wands
 u - a wand of flame (30)
 x - a wand of random effects (18)
Scrolls
 e - 2 scrolls of magic mapping
 g - 5 scrolls of teleportation
 j - a scroll of random uselessness {unknown}
 m - 4 scrolls of remove curse {unknown}
 o - 3 scrolls of enchant weapon
 r - a scroll of immolation {unknown}
 s - 2 scrolls of enchant armour
 t - a scroll of noise {unknown}
 y - a scroll of blinking {unknown}
 B - 2 scrolls of fear {unknown}
 F - a scroll of identify
Potions
 h - 4 potions of curing
 k - a potion of haste
 n - a potion of ambrosia
 v - a potion of agility {unknown}
 z - 3 potions of brilliance
 A - a potion of degeneration {unknown}
 C - a potion of resistance {unknown}
 G - 2 potions of flight {unknown}
Comestibles
 f - 10 rations
 J - 12 chunks of flesh


   Skills:
 + Level 9.0 Fighting
 * Level 14.3 Axes
 - Level 5.0 Armour
 - Level 5.1 Shields


You had 9 spell levels left.
You didn't know any spells.
Your spell library contained the following spells:

 Spells                   Type           Power        Failure   Level  Hunger
 Animate Skeleton         Necr           N/A          100%        1    ##.....
 Apportation              Tloc           #.....       100%        1    ##.....
 Beastly Appendage        Tmut           #.....       100%        1    ##.....
 Confusing Touch          Hex            #.....       100%        1    ##.....
 Pain                     Necr           #...         100%        1    ##.....
 Summon Small Mammal      Summ           #...         100%        1    ##.....
 Regeneration             Chrm/Necr      #.........   100%        3    ####...
 Vampiric Draining        Necr           #.........   100%        3    ####...
 Animate Dead             Necr           N/A          100%        4    #####..


Dungeon Overview and Level Annotations

Branches:
Dungeon (8/15)             Temple (1/1) D:7
   Lair: D:8-11

Altars:
Ashenzari
Cheibriados
Elyvilon
Fedhas
Gozag
Hepliaklqana
Kikubaaqudgha
Makhleb
Nemelex Xobeh
Okawaru
Qazlal
Ru
Sif Muna
Trog
Uskayaw
Vehumet
Wu Jian
Xom
Yredelemnul
Zin
The Shining One

Shops:
D:4 (   D:6 ?   D:7 (

Annotations:
D:6 1 runed translucent door, OdinFK's ghost, amateur OpWz


Innate Abilities, Weirdness & Mutations

You reflexively headbutt those who attack you in melee.
You have a pair of horns on your head.


Message History

The orc warrior hits you with a +0 scimitar!
You closely miss the orc warrior.
You headbutt the orc warrior, but do no damage.
The orc warrior is heavily wounded.
You closely miss something. Something hits you but does no damage.
The orc warrior hits you with a +0 scimitar!
Something hits you but does no damage.
The orc priest mumbles some strange prayers to Beogh against you.
Beogh smites you!
* * * LOW HITPOINT WARNING * * *
As you read the scroll of teleportation, it crumbles to dust.
You feel strangely unstable. Something hits you but does no damage.
The orc warrior hits you with a +0 scimitar!
* * * LOW HITPOINT WARNING * * *
You hear some strange, mumbled words.
A puff of frost appears from out of thin air!
The puff of frost hits you but does no damage.
The orc priest looks encouraged for a moment.
The orc warrior hits you with a +0 scimitar.
You die...

#.....#...#)#
#.....#.#.#.#
#.......#.#.#
##......#.#.###.##
........#.().....#
##....#####.###### #+#
.................# ....
......#####.##...# .....
.............#).@##......
....#######..#).o.)o.....
.....# #..#..#####'#.#
...#.# #....... ...#...
#..##.#.# ...#... ....
..#.# ...+ ... ..# # ...#
... .... ... ..


You could see an orc warrior and an orc priest.

Vanquished Creatures
  Pikel (D:6)
  Joseph (D:7)
  2 hippogriffs (D:7)
  Sigmund (D:3)
  A hungry ghost (D:6)
  Edmund (D:6)
  Duvessa (D:7)
  3 orc warriors
  2 ice beasts (D:7)
  2 slaves (D:6)
  2 phantoms
  An ogre (D:4)
  2 centaurs
  A wyvern zombie (D:6)
  2 bullfrogs
  Dowan (D:7)
  A gnoll sergeant (D:4)
  A water moccasin zombie (D:7)
  A wyvern skeleton (D:6)
  4 howler monkeys
  A centaur zombie (D:8)
  3 hounds
  A jelly (D:7)
  A crimson imp (D:7)
  4 orc wizards
  A quasit (D:6)
  4 orc priests
  4 gnoll shamans
  2 bullfrog skeletons
  Jessica (D:2)
  2 worker ants (D:4)
  Ijyb (D:3)
  3 adders
  47 gnolls
  2 shadow imps (D:7)
  An ooze (D:7)
  An adder zombie (D:5)
  2 adder skeletons
  3 worms
  2 dart slugs
  2 leopard geckos
  23 orcs
  4 bats
  2 giant cockroaches
  14 goblins
  7 hobgoblins
  20 jackals
  A quokka (D:8)
  A frilled lizard (D:1)
  8 kobolds
  A leopard gecko skeleton (D:4)
  6 rats
206 creatures vanquished.

Notes
Turn   | Place    | Note
-------+----------+-------------------------------------------
     0 | D:1      | AlterAsc the Minotaur Fighter began the quest for the Orb.
     0 | D:1      | Reached XP level 1. HP: 19/19 MP: 0/0
   296 | D:1      | Reached XP level 2. HP: 27/27 MP: 1/1
   769 | D:2      | Reached skill level 3 in Axes
   777 | D:2      | Reached XP level 3. HP: 25/33 MP: 2/2
  1103 | D:2      | Noticed Jessica
  1107 | D:2      | Killed Jessica
  1107 | D:2      | Reached XP level 4. HP: 34/40 MP: 3/3
  1328 | D:3      | Noticed Sigmund
  1341 | D:3      | Killed Sigmund
  1341 | D:3      | Reached skill level 5 in Fighting
  1341 | D:3      | Reached skill level 4 in Axes
  1341 | D:3      | Reached skill level 5 in Armour
  1341 | D:3      | Reached skill level 5 in Shields
  1341 | D:3      | Reached XP level 5. HP: 44/48 MP: 4/4
  1552 | D:3      | Reached XP level 6. HP: 46/56 MP: 5/5
  1643 | D:3      | Noticed Ijyb
  1656 | D:3      | Killed Ijyb
  2166 | D:4      | Reached skill level 5 in Axes
  2566 | D:4      | Found Etteac's Weapon Shoppe.
  2611 | D:4      | Reached skill level 6 in Axes
  3042 | D:4      | Reached XP level 7. HP: 61/61 MP: 6/6
  3056 | D:4      | Reached skill level 7 in Axes
  3088 | D:4      | Reached skill level 8 in Axes
  3410 | D:4      | Reached skill level 9 in Axes
  3614 | D:4      | Reached XP level 8. HP: 65/68 MP: 7/7
  4050 | D:5      | Entered Level 5 of the Dungeon
  4106 | D:5      | Reached skill level 10 in Axes
  4121 | D:5      | Found a radiant altar of Vehumet.
  4126 | D:5      | Found an ancient bone altar of Kikubaaqudgha.
  4127 | D:5      | Found a shimmering blue altar of Sif Muna.
  4130 | D:5      | Identified Sif Muna's Incunabulum of Changing
  4522 | D:6      | Found Eseb's Magic Scroll Shop.
  4528 | D:6      | Found a runed translucent door.
  4542 | D:6      | HP: 2/68 [orc/+0 trident (2)]
  4874 | D:6      | Reached skill level 11 in Axes
  4902 | D:6      | Bought a scroll of teleportation for 33 gold pieces
  5065 | D:6      | Noticed Edmund
  5072 | D:6      | Killed Edmund
  5157 | D:6      | Noticed Pikel
  5166 | D:6      | Killed Pikel
  5166 | D:6      | Reached skill level 12 in Axes
  5166 | D:6      | Reached XP level 9. HP: 54/78 MP: 8/8
  5465 | D:6      | Noticed OdinFK's ghost (amateur OpWz)
  5956 | D:7      | Reached skill level 13 in Axes
  5984 | D:7      | Noticed Dowan
  5992 | D:7      | Noticed Duvessa
  6002 | D:7      | Killed Duvessa
  6012 | D:7      | Killed Dowan
  6048 | D:7      | Found Sura's Antique Weapon Shop.
  6067 | D:7      | Found a blossoming altar of Fedhas.
  6103 | D:7      | Found a bloodstained altar of Trog.
  6106 | D:7      | Found a sparkling altar of Nemelex Xobeh.
  6106 | D:7      | Found a glowing silver altar of Zin.
  6120 | D:7      | Found a hazy altar of Hepliaklqana.
  6249 | D:7      | Noticed Joseph
  6251 | D:7      | Found a staircase to the Ecumenical Temple.
  6744 | D:7      | Killed Joseph
  6762 | Temple   | Entered the Ecumenical Temple
  6824 | Temple   | Became a worshipper of Warmaster Okawaru
  6931 | D:7      | Reached skill level 14 in Axes
  6931 | D:7      | Reached XP level 10. HP: 85/90 MP: 9/9
  7274 | D:8      | HP: 2/91 [orc warrior/+0 scimitar (15)]
  7275 | D:8      | Slain by an orc warrior

Levels and vault maps discovered:
D:1:      roderic_dead_forest, layout_basic, minmay_tetromino_i4
D:2:      layout_loops_cross, uniq_jessica
D:3:      kennysheep_goblin_castle, layout_rooms, first_ration, uniq_sigmund
D:4:      lemuel_castle_with_subvaults [lemuel_castle_interior_original],
          layout_loops_corners, serial_shops, nicolae_shop_behind_doors,
          grunt_ministairs_13
D:5:      layout_rooms, grunt_temple_overflow_magic_moments
D:6:      layout_layer_cave, ebering_ghost_sewer_d, serial_shops, shop,
          chequers_serial_rivers_room_b, uniq_edmund, uniq_pikel
D:7:      layout_basic, grunt_temple_overflow_open, minmay_temple_entry_slanted,
          serial_shops, nicolae_shop_competitors_out_of_business, st_stairs_10,
          fedhas_altar_1, uniq_duvessa, uniq_joseph
D:8:      layout_basic, basic_altar, hangedman_little_slice_of_home
Temple:   nicolae_temple_great_sept

Skill      XL: |  1  2  3  4  5  6  7  8  9 10 |
---------------+-------------------------------+-----
Shields        | 4 5 |  5.1
Armour         | 4 5 |  5.0
Fighting       | 4 5 6 8 9 |  9.0
Axes           | 3 4 6 9 12 14 | 14.3

Action                   |  1- 3 |  4- 6 |  7- 9 | 10-12 || total
-------------------------+-------+-------+-------+-------++-------
Melee: War axe           |    40 |       |       |       ||    40
       Headbutt          |    14 |    16 |    62 |    11 ||   103
       Broad axe         |    41 |   121 |   302 |    57 ||   521
       Hand axe          |       |       |     6 |       ||     6
Throw: Throwing net      |       |       |     1 |       ||     1
  Use: Potion            |       |       |     1 |       ||     1
       Scroll            |       |       |    10 |     1 ||    11
  Eat: Chunk             |     1 |     6 |    15 |     1 ||    23
       Ration            |       |       |     1 |       ||     1
Armor: Scale mail        |    30 |    33 |       |       ||    63
       Chain mail        |       |    36 |   157 |       ||   193
       Plate armour      |       |       |    13 |    36 ||    49
Dodge: Dodged            |    39 |    33 |    70 |     9 ||   151
Block: Shield            |    33 |    68 |   156 |    27 ||   284
